ORI
UNIVERSITY OF GEORGIA BULLDOGS @ OREGON STATE UNIVERSITY BEAVERS
08/26/2046
 
TOP OF THE 1ST
University of Georgia Bulldogs batting - Pitching for Oregon State University Beavers : RHP Graham Steedly
Pitching: RHP Graham Steedly
Batting: RHB Jeff Wornick 0-0: Ball
1-0: Ground out 4-3 (Groundball, 4M, EV 82.5 MPH)
Batting: RHB Murilo Cunha 0-0: Ball
1-0: Ground out 6-3 (Groundball, 6, EV 83.8 MPH)
Batting: RHB James Warby 0-0: Ball
1-0: Ground out 5-3 (Groundball, 56, EV 101.9 MPH)
Top of the 1st over - 0 runs, 0 hits, 0 errors, 0 left on base; University of Georgia 0 - Oregon State University 0
BOTTOM OF THE 1ST
Oregon State University Beavers batting - Pitching for University of Georgia Bulldogs : LHP Aloiki Orana
Pitching: LHP Aloiki Orana
Batting: RHB Martin Darrington 0-0: Foul Ball, location: 2F
0-1: Called Strike
0-2: Strikes out swinging
Batting: LHB Abdul-Hakim Jibril 0-0: Ball
1-0: Called Strike
1-1: Swinging Strike
1-2: Strikes out swinging
Batting: RHB Willie Lopez 0-0: Foul Ball, location: 2F
0-1: Ball
1-1: Hit by Pitch
Batting: RHB Yasuyuki Moriyama 0-0: Ball
Willie Lopez steals 2nd, throwing error, E2
Willie Lopez to third
1-0: Foul Ball, location: 2F
1-1: Swinging Strike
1-2: Ball
2-2: Strikes out swinging
Bottom of the 1st over - 0 runs, 0 hits, 1 error, 1 left on base; University of Georgia 0 - Oregon State University 0
TOP OF THE 2ND
University of Georgia Bulldogs batting - Pitching for Oregon State University Beavers : RHP Graham Steedly
Batting: RHB Javier Alcorta 0-0: Ball
1-0: Ball
2-0: Ball
3-0: Called Strike
3-1: Foul Ball, location: 2F
3-2: Base on Balls
Batting: LHB Cole Sanchez 0-0: Ball
1-0: Called Strike
1-1: SINGLE (Line Drive, 7S, EV 105.0 MPH)
Javier Alcorta to second
Batting: RHB Pete Goerge 0-0: Ball
1-0: Foul Ball, location: 2F
1-1: Ball
2-1: Ball
3-1: Fielders Choice at 2nd, 3-6 (Groundball, 34, EV 100.0 MPH)
Javier Alcorta to third
Batting: LHB Milton Yeo 0-0: Fielders Choice at 2nd, 4-6 (Groundball, 34S, EV 81.2 MPH)
Javier Alcorta scores
Batting: LHB Troy Jones 0-0: Ball
1-0: Fly out, F4 (Popup, 4MD, EV 74.4 MPH)
Top of the 2nd over - 1 run, 1 hit, 0 errors, 1 left on base; University of Georgia 1 - Oregon State University 0
BOTTOM OF THE 2ND
Oregon State University Beavers batting - Pitching for University of Georgia Bulldogs : LHP Aloiki Orana
Batting: SHB Hui Li 0-0: Ball
1-0: Called Strike
1-1: Swinging Strike
1-2: Foul Ball, location: 2F
1-2: Strikes out looking
Batting: RHB Luis Flores 0-0: Called Strike
0-1: Ball
1-1: Swinging Strike
1-2: Ball
2-2: Ball
3-2: Strikes out swinging
Batting: RHB Israel Soto 0-0: Swinging Strike
0-1: Fly out, F8 (Flyball, 78D, EV 86.9 MPH)
Bottom of the 2nd over - 0 runs, 0 hits, 0 errors, 0 left on base; University of Georgia 1 - Oregon State University 0
TOP OF THE 3RD
University of Georgia Bulldogs batting - Pitching for Oregon State University Beavers : RHP Graham Steedly
Batting: RHB Xin Zhang 0-0: Ground out 5-3 (Groundball, 5, EV 80.0 MPH)
Batting: RHB Jeff Wornick 0-0: Fly out, F8 (Flyball, 8RM, EV 81.9 MPH)
Batting: RHB Murilo Cunha 0-0: Fly out, F3 (Popup, 3F, EV 81.2 MPH)
Top of the 3rd over - 0 runs, 0 hits, 0 errors, 0 left on base; University of Georgia 1 - Oregon State University 0
BOTTOM OF THE 3RD
Oregon State University Beavers batting - Pitching for University of Georgia Bulldogs : LHP Aloiki Orana
Batting: SHB Felipe Campanella 0-0: Ball
1-0: Swinging Strike
1-1: Called Strike
1-2: Strikes out looking
Batting: RHB Rafael Ventura 0-0: Ball
1-0: Foul Ball, location: 2F
1-1: Ground out U3 (Groundball, 3, EV 105.6 MPH)
Batting: RHB Martin Darrington 0-0: Ball
1-0: Swinging Strike
1-1: Called Strike
1-2: Strikes out swinging
Bottom of the 3rd over - 0 runs, 0 hits, 0 errors, 0 left on base; University of Georgia 1 - Oregon State University 0
TOP OF THE 4TH
University of Georgia Bulldogs batting - Pitching for Oregon State University Beavers : RHP Graham Steedly
Batting: RHB James Warby 0-0: Ball
1-0: Foul Ball, location: 2F
1-1: Ball
2-1: Ball
3-1: Base on Balls
Batting: RHB Javier Alcorta 0-0: Ball
1-0: Ball
2-0: Foul Ball, location: 2F
2-1: Foul Ball, location: 2F
2-2: SINGLE (Groundball, 6M, EV 103.8 MPH)
James Warby to second
Batting: LHB Cole Sanchez 0-0: Foul Ball, location: 2F
0-1: Ball
1-1: Ball
2-1: Swinging Strike
2-2: Strikes out swinging
Batting: RHB Pete Goerge 0-0: Foul Ball, location: 2F
0-1: Foul Ball, location: 2F
0-2: Ball
1-2: Ball
2-2: Foul Ball, location: 2F
2-2: Strikes out swinging
Batting: LHB Milton Yeo 0-0: Foul Ball, location: 2F
0-1: Foul Ball, location: 2F
0-2: Ball
1-2: Foul Ball, location: 2F
1-2: Ball
2-2: Strikes out swinging
Top of the 4th over - 0 runs, 1 hit, 0 errors, 2 left on base; University of Georgia 1 - Oregon State University 0
BOTTOM OF THE 4TH
Oregon State University Beavers batting - Pitching for University of Georgia Bulldogs : LHP Aloiki Orana
Batting: LHB Abdul-Hakim Jibril 0-0: Called Strike
0-1: Ball
1-1: Ball
2-1: Foul Ball, location: 2F
2-2: Strikes out looking
Batting: RHB Willie Lopez 0-0: Ball
1-0: Ball
2-0: Foul Ball, location: 2F
2-1: Ground out 5-3 (Groundball, 5, EV 85.0 MPH)
Batting: RHB Yasuyuki Moriyama 0-0: Ball
1-0: SINGLE (Groundball, 34D, EV 95.0 MPH)
Batting: SHB Hui Li 0-0: Ball
1-0: Swinging Strike
1-1: Swinging Strike
1-2: Foul Ball, location: 2F
1-2: Foul Ball, location: 2F
1-2: Ball
2-2: Foul Ball, location: 2F
2-2: Strikes out swinging
Bottom of the 4th over - 0 runs, 1 hit, 0 errors, 1 left on base; University of Georgia 1 - Oregon State University 0
TOP OF THE 5TH
University of Georgia Bulldogs batting - Pitching for Oregon State University Beavers : RHP Graham Steedly
Batting: LHB Troy Jones 0-0: Fly out, F8 (Flyball, 8LD, EV 95.6 MPH)
Batting: RHB Xin Zhang 0-0: Ball
1-0: Ball
2-0: Ball
3-0: Called Strike
3-1: Base on Balls
Batting: RHB Jeff Wornick 0-0: Ball
1-0: Foul Ball, location: 2F
1-1: Ball
2-1: Ball
3-1: Fielders Choice at 2nd, 6-4 (Groundball, 6M, EV 90.6 MPH)
Batting: RHB Murilo Cunha 0-0: Ball
Pickoff Throw to First - Error! E1
Jeff Wornick to second
1-0: Ball
Wild Pitch!
Jeff Wornick to third
2-0: SINGLE (Line Drive, 89S, EV 105.0 MPH)
Jeff Wornick scores
Batting: RHB James Warby 0-0: Called Strike
0-1: Called Strike
0-2: Ball
Murilo Cunha is caught stealing 2nd base 2-4
Top of the 5th over - 1 run, 1 hit, 1 error, 0 left on base; University of Georgia 2 - Oregon State University 0
BOTTOM OF THE 5TH
Oregon State University Beavers batting - Pitching for University of Georgia Bulldogs : LHP Aloiki Orana
Batting: RHB Luis Flores 0-0: Called Strike
0-1: Ball
1-1: Ground out 3-1 (Groundball, 34, EV 105.6 MPH)
Batting: RHB Israel Soto 0-0: Swinging Strike
0-1: Swinging Strike
0-2: Ball
1-2: Foul Ball, location: 2F
1-2: Foul Ball, location: 2F
1-2: Strikes out swinging
Batting: SHB Felipe Campanella 0-0: Called Strike
0-1: Swinging Strike
0-2: Ball
1-2: Strikes out swinging
Bottom of the 5th over - 0 runs, 0 hits, 0 errors, 0 left on base; University of Georgia 2 - Oregon State University 0
TOP OF THE 6TH
University of Georgia Bulldogs batting - Pitching for Oregon State University Beavers : RHP Graham Steedly
Batting: RHB James Warby 0-0: Called Strike
0-1: Foul Ball, location: 2F
0-2: Foul Ball, location: 2F
0-2: Ball
1-2: Ground out 6-3 (Groundball, 6, EV 80.0 MPH)
Pitching: RHP Zachary Whilden
Batting: RHB Javier Alcorta 0-0: Swinging Strike
0-1: Foul Ball, location: 2F
0-2: Strikes out looking
Batting: LHB Cole Sanchez 0-0: Ball
1-0: Ball
2-0: Ground out 6-3 (Groundball, 6, EV 86.2 MPH)
Top of the 6th over - 0 runs, 0 hits, 0 errors, 0 left on base; University of Georgia 2 - Oregon State University 0
BOTTOM OF THE 6TH
Oregon State University Beavers batting - Pitching for University of Georgia Bulldogs : LHP Aloiki Orana
Batting: RHB Rafael Ventura 0-0: Ball
1-0: Ball
2-0: Fly out, F4 (Popup, 34, EV 67.5 MPH)
Batting: RHB Martin Darrington 0-0: Fly out, F6 (Popup, 56, EV 73.1 MPH)
Batting: LHB Abdul-Hakim Jibril 0-0: SINGLE (Groundball, 4D, EV 95.0 MPH)
Pitching: LHP Andres Caceres
Batting: RHB Willie Lopez Pickoff Throw to First - Out! 1-3
Bottom of the 6th over - 0 runs, 1 hit, 0 errors, 0 left on base; University of Georgia 2 - Oregon State University 0
TOP OF THE 7TH
University of Georgia Bulldogs batting - Pitching for Oregon State University Beavers : RHP Zachary Whilden
Pinch Hitting: LHB Bryan Ross 0-0: Ball
1-0: Ground out 4-3 (Groundball, 4S, EV 83.8 MPH)
Batting: LHB Milton Yeo 0-0: Foul Ball, location: 2F
0-1: Ball
1-1: Swinging Strike
1-2: Ball
2-2: Foul Ball, location: 2F
2-2: Strikes out swinging
Batting: LHB Troy Jones 0-0: DOUBLE (Groundball, 3L, EV 106.2 MPH)
Pinch Hitting: RHB Pat Svenson 0-0: Called Strike
0-1: Ball
1-1: Ball
2-1: SINGLE (Flyball, 34D, EV 85.6 MPH)
Troy Jones to third
Batting: RHB Jeff Wornick 0-0: Ball
1-0: Fly out, F8 (Flyball, 8LD, EV 87.5 MPH)
Top of the 7th over - 0 runs, 2 hits, 0 errors, 2 left on base; University of Georgia 2 - Oregon State University 0
BOTTOM OF THE 7TH
Oregon State University Beavers batting - Pitching for University of Georgia Bulldogs : LHP Andres Caceres
Now at 1B: Casey Bass
Now at 3B: Luis Mejia
Batting: RHB Willie Lopez 0-0: Ball
1-0: Foul Ball, location: 2F
1-1: Swinging Strike
1-2: Strikes out looking
Batting: RHB Yasuyuki Moriyama 0-0: Ball
1-0: Foul Ball, location: 2F
1-1: Called Strike
1-2: Foul Ball, location: 2F
1-2: Foul Ball, location: 2F
1-2: Foul Ball, location: 2F
1-2: Strikes out swinging
Batting: SHB Hui Li 0-0: Ball
1-0: Swinging Strike
1-1: Swinging Strike
1-2: Strikes out swinging
Bottom of the 7th over - 0 runs, 0 hits, 0 errors, 0 left on base; University of Georgia 2 - Oregon State University 0
TOP OF THE 8TH
University of Georgia Bulldogs batting - Pitching for Oregon State University Beavers : RHP Zachary Whilden
Batting: RHB Murilo Cunha 0-0: Ball
1-0: Ball
2-0: Ball
3-0: Called Strike
3-1: Base on Balls
Batting: RHB James Warby 0-0: Ball
1-0: Grounds into double play, 4-6-3 (Groundball, 4, EV 85.6 MPH)
Batting: RHB Javier Alcorta 0-0: Foul Ball, location: 2F
0-1: Ball
1-1: Foul Ball, location: 2F
1-2: Strikes out swinging
Top of the 8th over - 0 runs, 0 hits, 0 errors, 0 left on base; University of Georgia 2 - Oregon State University 0
BOTTOM OF THE 8TH
Oregon State University Beavers batting - Pitching for University of Georgia Bulldogs : LHP Andres Caceres
Batting: RHB Luis Flores 0-0: Called Strike
0-1: Called Strike
0-2: Strikes out swinging
Batting: RHB Israel Soto 0-0: Ground out 4-3 (Groundball, 34D, EV 103.8 MPH)
Batting: SHB Felipe Campanella 0-0: Ball
1-0: Ball
2-0: Foul Ball, location: 2F
2-1: Swinging Strike
2-2: Strikes out swinging
Bottom of the 8th over - 0 runs, 0 hits, 0 errors, 0 left on base; University of Georgia 2 - Oregon State University 0
TOP OF THE 9TH
University of Georgia Bulldogs batting - Pitching for Oregon State University Beavers : RHP Zachary Whilden
Pitching: RHP Alex Juarez
Pinch Hitting: LHB Andy Dyer 0-0: Called Strike
0-1: Foul Ball, location: 2F
0-2: Ball
1-2: SOLO HOME RUN (Line Drive, 89XD, EV 109.4 MPH), Distance : 414 ft
Batting: LHB Luis Mejia 0-0: Ball
1-0: Ball
2-0: Foul Ball, location: 2F
2-1: Foul Ball, location: 2F
2-2: Ball
3-2: Ground out 5-3 (Groundball, 56, EV 86.2 MPH)
Batting: RHB Ed Howard 0-0: Ball
1-0: Ground out 1-3 (Groundball, 15S, EV 64.4 MPH)
Batting: LHB Troy Jones 0-0: Ball
1-0: Ground out 4-3 (Groundball, 4, EV 88.8 MPH)
Top of the 9th over - 1 run, 1 hit, 0 errors, 0 left on base; University of Georgia 3 - Oregon State University 0
BOTTOM OF THE 9TH
Oregon State University Beavers batting - Pitching for University of Georgia Bulldogs : LHP Andres Caceres
Pitching: RHP Lev Rozinov
Now in RF: Dennis Klein
Pinch Hitting: LHB Fred Bal 0-0: Ground out 6-3 (Groundball, 6, EV 106.2 MPH)
Pinch Hitting: LHB Jason Trevarrow 0-0: Called Strike
0-1: Swinging Strike
0-2: Foul Ball, location: 2F
0-2: Ball
1-2: Strikes out swinging
Pinch Hitting: LHB Brock Darby 0-0: Ball
1-0: Ball
2-0: Foul Ball, location: 2F
2-1: Foul Ball, location: 2F
2-2: Strikes out swinging
Bottom of the 9th over - 0 runs, 0 hits, 0 errors, 0 left on base; University of Georgia 3 - Oregon State University 0
Tuesday, September 13th , 2022 - OOTP Baseball 23.7 Build 88